 Dungeon Crawl Stone Soup version 0.17.0 (webtiles) character file.

594606 inmateoo the Shatterer (level 27, 163/208 HPs)
             Began as a Gargoyle Fighter on Nov 6, 2015.
             Was the Champion of Okawaru.
             Starved to death
             ... while paralysed
             ... on level 2 of the Realm of Zot.
             The game lasted 02:44:39 (65323 turns).

inmateoo the Shatterer (Gargoyle Fighter)          Turns: 65323, Time: 02:44:39

Health: 163/208    AC: 61    Str: 38    XL:     27
Magic:  48/48      EV:  2    Int: 12    God:    Okawaru [******]
Gold:   2254       SH:  0    Dex: 11    Spells: 10 memorised, 10 levels left

rFire  + + .     SeeInvis +     Y - +9 eveningstar (freeze)
rCold  + . .     Clarity  .     N - +3 gold dragon armour
rNeg   + + +     SustAt   .     D - +5 shield of Untruth {Dex+5}
rPois  ∞         Gourm    .     X - +3 hat of the Evil One {+Blink rCorr}
rElec  +         Spirit   .     o - +1 cloak of inmateoo's Purpose {Int-2 Dex+4}
rCorr  +         Warding  .     d - +0 pair of gloves of Submission {rN+ Int+3 Dex+2}
rMut   .         Stasis   .     A - +2 pair of boots {Stlth+}
MR     ++++.                    v - amulet of Vitality {Regen+ HP+15}
Stlth  ..........               B - ring of protection from fire
                                c - ring "Doclur" {+Inv rN+ MP+9 Str-2 SInv}

@: paralysed, fainting, repel missiles, incredibly resistant to hostile
enchantments, extremely unstealthy
A: big wings, iridescent scales 1, camouflage 1, blurry vision 2, magic
resistance 2, negative energy resistance 1, robust 1, electricity resistance,
unbreathing, petrification resistance, rot immunity, AC +20
a: Fly, Heroism, Finesse, Renounce Religion, Evoke Blink, Evoke Invisibility
}: 4/15 runes: decaying, slimy, silver, gossamer


You were on level 2 of the Realm of Zot.
You worshipped Okawaru.
Okawaru was exalted by your worship.
You were fainting.

You visited 10 branches of the dungeon, and saw 56 of its levels.
You also visited: Volcano.

You collected 6786 gold pieces.
You spent 3014 gold pieces at shops.

Inventory:

Hand Weapons
 R - the +9 whip of Stickiness {holy, rN+}
   (You found it on level 8 of the Lair of Beasts)

   It has been blessed by the Shining One to cause great damage to the undead
   and demons.
   It protects you from negative energy.
 Y - a +9 eveningstar of freezing (weapon)
Missiles
 q - 7 javelins of penetration (quivered)
 t - 11 javelins of returning
Armour
 d - the +0 pair of gloves of Submission (worn) {rN+ Int+3 Dex+2}
   (Okawaru gifted it to you on level 1 of the Realm of Zot)

   It affects your intelligence (+3).
   It affects your dexterity (+2).
   It protects you from negative energy.
 o - the +1 cloak of inmateoo's Purpose (worn) {Int-2 Dex+4}
   (Okawaru gifted it to you on level 13 of the Dungeon)

   It affects your intelligence (-2).
   It affects your dexterity (+4).
 A - a +2 pair of boots of stealth (worn)
 D - the +5 shield of Untruth (worn) {Dex+5}
   (You took it off Wiglaf on level 2 of the Vaults)

   It affects your dexterity (+5).
 N - a +3 gold dragon armour (worn)
 X - the +3 hat of the Evil One (worn) {+Blink rCorr}
   (You found it on level 8 of the Lair of Beasts)

   It lets you blink.
   It protects you from acid and corrosion.
Jewellery
 c - the ring "Doclur" (left hand) {+Inv rN+ MP+9 Str-2 SInv}
   (You took it off a tengu reaver on level 5 of the Vaults)

   [ring of positive energy]

   It affects your strength (-2).
   It protects you from negative energy.
   It affects your magic capacity (+9).
   It lets you see invisible.
   It lets you turn invisible.
 i - the ring "Qoasu" {*Confuse +Blink rF+ rN+ SInv, unknown}
   (You took it off a draconian annihilator on level 1 of the Realm of Zot)

   [ring of protection from fire]

   It protects you from fire.
   It protects you from negative energy.
   It lets you see invisible.
   It lets you blink.
   It may confuse you when you take damage.
 u - an uncursed ring of protection from magic
 v - the amulet of Vitality (around neck) {Regen+ HP+15}
   (You found it on level 6 of the Pits of Slime)

   [amulet of regeneration]

   It affects your health (+15).
   It increases your rate of regeneration.
 z - the ring of Finality {SustAt Int+5}
   (You took it off a vault sentinel on level 5 of the Vaults)

   [ring of sustain attributes]

   It sustains your strength, intelligence and dexterity.
   It affects your intelligence (+5).
 B - a ring of protection from fire (right hand)
 O - an uncursed amulet of resist mutation
 V - an uncursed ring of protection from cold
Wands
 p - a wand of lightning (8)
 x - a wand of digging (11)
 C - a wand of teleportation (1)
 J - a wand of disintegration (3)
Scrolls
 a - 9 scrolls of teleportation
 b - 22 scrolls of remove curse
 g - 9 scrolls of fear
 k - 5 scrolls of magic mapping
 n - 8 scrolls of identify
 y - 3 scrolls of fog
 L - 8 scrolls of amnesia
 Q - 11 scrolls of blinking
 S - 9 scrolls of recharging
 T - a scroll of silence
 Z - 2 scrolls of holy word
Potions
 f - 25 potions of curing
 h - 3 potions of lignification
 l - 5 potions of magic
 m - a potion of cure mutation
 r - 4 potions of agility
 s - 5 potions of haste
 w - 7 potions of cancellation
 F - 5 potions of might
 G - 5 potions of flight
 I - a potion of resistance
 K - 4 potions of berserk rage
 P - 9 potions of heal wounds
 W - 10 potions of brilliance
Miscellaneous
 H - a lamp of fire
 M - a phial of floods
Comestibles
 e - 32 bread rations
 j - 7 meat rations
 E - a beef jerky
 U - a slice of pizza


   Skills:
 + Level 18.9 Fighting
 * Level 23.8 Maces & Flails
 - Level 9.0 Throwing
 + Level 18.8 Armour
 + Level 13.9 Dodging
 - Level 6.5 Stealth
 - Level 10.0 Shields
 + Level 12.9 Spellcasting
 - Level 5.7 Hexes
 + Level 9.4 Charms
 - Level 6.0 Necromancy
 - Level 4.3 Air Magic
 - Level 9.0 Invocations
 + Level 11.0 Evocations


You had 10 spell levels left.
You knew the following spells:

 Your Spells              Type           Power        Failure   Level  Hunger
a - Repel Missiles        Chrm/Air       ###...       12%         2    None
b - Regeneration          Chrm/Necr      ####......   17%         3    None
c - Blink                 Tloc           N/A          99%         2    None
d - Deflect Missiles      Chrm/Air       ###.......   100%        6    ######.
e - Tornado               Air            ###.......   100%        9    #######
f - Shroud of Golubria    Chrm/Tloc      ###.......   30%         2    None
g - Song of Slaying       Chrm           ####....     4%          2    None
h - Spectral Weapon       Hex/Chrm       ####....     17%         3    None
i - Invisibility          Hex            ###.....     100%        6    ######.
j - Haste                 Chrm           ####....     100%        6    ######.


Dungeon Overview and Level Annotations

Branches:
Dungeon (15/15)            Temple (0/1) D:7            Lair (8/8) D:10
  Swamp (4/4) Lair:3       Spider (4/4) Lair:3        Slime (6/6) Lair:6
    Orc (4/4) D:9             Elf (3/3) Orc:4        Vaults (5/5) D:14
  Crypt (0/3) Vaults:3     Depths (5/5) D:15            Zot (2/5) Depths:5

Altars:
Ashenzari
Cheibriados
Dithmenos
Elyvilon
Fedhas
Gozag
Kikubaaqudgha
Nemelex Xobeh
Okawaru
Qazlal
Ru
Sif Muna
Vehumet
Xom
Yredelemnul
Zin
Beogh
Jiyva
Lugonu

Shops:
D:9 *![?   D:13 !   Orc:3 *   Orc:4 [**[   Elf:2 ?*:[%   Elf:3 %
Vaults:3 (*:((   Vaults:4 =?%**

Portals:
Hell: Depths:1 Depths:2 Depths:3 Depths:4 Depths:5
Abyss: Depths:1 Depths:4
Pandemonium: Depths:1 Depths:2 Depths:3 Depths:5
Ziggurat: Depths:2
Trove: D:14 (show abyssal rune of Zot)

Annotations:
D:4 exclusion: statue


Innate Abilities, Weirdness & Mutations

You are resistant to torment.
Your stone body is resilient (AC +20).
You are immune to poison.
Your large and strong wings let you fly indefinitely.
You resist negative energy.
You are resistant to electric shocks.
You can survive without breathing.
You are immune to petrification.
You are immune to rotting.
You are partially covered in iridescent scales (AC +4).
Your skin changes colour to match your surroundings (Stealth).
Scrolls take you longer to read.
You are highly resistant to hostile enchantments.
You are robust (+10% HP).


Message History

The yellow draconian is almost dead.
The death cob hits you.
You feel slightly more hungry. You block the death cob's attack.
You puncture the yellow draconian! You freeze the yellow draconian.
You kill the yellow draconian!
Okawaru accepts your kill.
You lose consciousness!
The death cob hits you.
You feel slightly more hungry. The death cob hits you.
You feel slightly more hungry. The death cob hits you.
You feel slightly more hungry. The death cob barely misses you.
The death cob hits you.
You feel slightly more hungry. The death cob hits you.
You feel slightly more hungry. The death cob hits you.
You feel slightly more hungry. The death cob hits you.
You feel slightly more hungry. The death cob hits you.
You feel slightly more hungry. The death cob hits you.
You feel slightly more hungry. The death cob hits you.
You feel slightly more hungry. The death cob hits you. x3
You have starved to death.
You die...

...< #... ##........##
#.....######..........
.....................
....................
..................##
#..... #........ #
#.... #..)))#
###...########.z@##
...........>.##...##
...†..........##...##
###[................#
...................###.
....†.............###..
#.†.###..........###...
....# #...............
...†#####......<.......


You could see a death cob.

Vanquished Creatures
  the royal jelly (Slime:6)
  An ancient lich (Vaults:5)
  Mara (Vaults:4)
  A juggernaut (Depths:4)
  Boris (thrice) (Vaults:4 Depths:3 Depths:4)
  A curse toe (Zot:2)
  3 golden dragons
  A bone dragon (Depths:5)
  Xtahua (Vaults:3)
  Arachne (Spider:2)
  Jorgrun (Vaults:1)
  7 tentacled monstrosities
  Rupert (Lair:5)
  Asterion (Elf:3)
  2 quicksilver dragons
  11 titans
  4 liches
  2 deep elf master archers (Elf:3)
  12 acid blobs
  2 deep elf blademasters (Elf:3)
  An octopode crusher (Depths:4)
  4 sphinxes
  3 thorn hunters
  Gastronok (Lair:1)
  2 death cobs (Zot:1)
  Agnes (Spider:3)
  11 storm dragons
  Kirke (Spider:3)
  7 shadow dragons
  Roxanne (Swamp:1)
  7 tengu reavers
  11 azure jellies
  11 frost giants
  Wiglaf (Vaults:2)
  Donald (Vaults:2)
  7 ghost moths
  7 fire giants
  Maud (Orc:4)
  2 draconian knights (Zot:1)
  5 draconian scorchers (Zot:1)
  11 vault wardens
  11 deep elf sorcerers
  4 draconian shifters
  2 iron dragons
  A large abomination (Elf:1)
  Aizul (Swamp:1)
  A draconian zealot (Zot:1)
  7 ironheart preservers
  9 emperor scorpions
  12 very ugly things
  3 draconian annihilators
  A reaper (Depths:1)
  2 vampire knights
  14 stone giants
  3 war gargoyles
  A draconian caller (Zot:2)
  13 deep elf demonologists
  A salamander firebrand (Depths:2)
  7 red draconians
  2 green draconians (Zot:1)
  A black draconian (Zot:2)
  13 deep elf annihilators
  Azrael (Elf:2)
  3 white draconians
  2 salamander stormcallers (Depths:2)
  The ghost of tp1 the Eclecticist, a journeyman DECj of Vehumet (Orc:4)
  A blizzard demon (Depths:5)
  8 yellow draconians
  7 purple draconians
  2 mottled draconians
  8 deep elf death magi
  13 ettins
  Snorg (Orc:3)
  25 vault guards (Vaults:4)
  2 merfolk javelineers
  4 death oozes (Slime:6)
  5 deep elf high priests
  Josephine (Orc:2)
  12 great orbs of eyes
  A great orb of eyes (shapeshifter) (Vaults:4)
  15 fire dragons
  7 entropy weavers
  Harold (Lair:3)
  11 yaktaur captains
  2 spriggan air magi (Depths:2)
  12 ice dragons
  A rakshasa (Depths:4)
  2 monstrous demonspawn
  9 centaur warriors
  19 hydras
  A ghost crab (Swamp:4)
  2 death knights (Vaults:3)
  6 alligators
  17 dancing weapons
  4 deep troll earth magi
  17 tengu warriors
  17 ogre magi
  9 death yaks
  A queen ant (Spider:2)
  6 orc high priests (Orc:4)
  2 vampire magi
  4 deep troll shamans
  7 spriggan berserkers
  5 soul eaters
  3 iron trolls
  8 hell knights
  3 fire crabs
  20 deep elf knights
  4 sun demons
  92 slime creatures
  2 ice devils (Depths:2)
  8 skeletal warriors
  2 shadow wraiths (Vaults:3)
  17 deep trolls
  A storm dragon skeleton (Vaults:3)
  7 swamp dragons
  4 giant orange brains
  11 deep elf summoners
  3 hill giants
  3 phantasmal warriors
  A spriggan druid (Depths:4)
  A flayed ghost (Vaults:4)
  4 unseen horrors
  20 ironbrand convokers
  4 wizards
  5 necromancers
  Pikel (D:4)
  23 wolf spiders
  18 orc knights
  A harpy (Vaults:1)
  2 shambling mangroves (Swamp:4)
  18 orb spiders
  An orb spider (shapeshifter) (Vaults:4)
  A stone giant zombie (Depths:1)
  16 deep elf conjurers
  An orc sorcerer (Vaults:3)
  10 hornets
  A sphinx skeleton (Vaults:3)
  7 griffons
  A shining eye (shapeshifter) (Depths:5)
  3 shining eyes
  10 black mambas
  An eye of devastation (Slime:3)
  4 cyclopes
  A manticore (D:15)
  2 guardian serpents (shapeshifter)
  An iron dragon skeleton (Depths:1)
  5 oklob plants
  A salamander (shapeshifter) (Vaults:4)
  19 vault sentinels
  An octopode (shapeshifter) (Depths:3)
  11 rust devils
  12 moths of wrath
  37 ugly things
  8 spiny frogs
  A smoke demon (Depths:5)
  An ice statue (Depths:2)
  12 elephants
  2 molten gargoyles (Volcano)
  5 efreet
  3 torpor snails
  8 komodo dragons
  An orc skeleton (Vaults:2)
  A tormentor (Depths:3)
  2 gargoyles (D:10)
  12 demonic crawlers
  8 freezing wraiths
  A fire drake (shapeshifter) (Vaults:3)
  2 hellwings
  3 red devils
  56 yaktaurs
  12 polar bears
  19 deep elf priests
  4 fire drakes
  8 trolls
  7 tengu conjurers
  A polar bear (shapeshifter) (Vaults:4)
  26 jumping spiders
  2 merfolk
  3 blue devils
  A queen bee (Lair:3)
  Grinder (D:4)
  A two-headed ogre (shapeshifter) (Depths:4)
  6 giant leeches
  A tengu simulacrum (Depths:1)
  9 boulder beetles
  2 raiju (Lair:8)
  A raiju (shapeshifter) (Vaults:1)
  A trapdoor spider zombie (D:15)
  15 blink frogs
  A boulder beetle (shapeshifter) (Vaults:3)
  22 two-headed ogres
  5 bog bodies
  An ettin zombie (Vaults:2)
  An ettin skeleton (Vaults:2)
  2 humans (shapeshifter)
  19 tarantellas
  10 spriggans
  Sigmund (D:4)
  3 flying skulls (Depths:2)
  A redback (shapeshifter) (Depths:3)
  20 trapdoor spiders
  60 redbacks
  6 fire elementals
  11 water elementals
  A trapdoor spider (shapeshifter) (Vaults:4)
  5 air elementals (Depths:2)
  5 hungry ghosts
  A yak (shapeshifter) (Depths:1)
  7 wraiths
  13 golden eyes
  33 deep elf magi
  6 wyverns
  A fire bat (shapeshifter) (Depths:1)
  8 fire bats (Volcano)
  A shadow (Swamp:2)
  A tarantella (shapeshifter) (Vaults:4)
  13 hippogriffs
  2 vampires
  2 hogs (shapeshifter)
  43 deep elf fighters
  4 hogs
  2 basilisks (Lair:1)
  28 yaks
  A steam dragon (shapeshifter) (Vaults:4)
  2 nagas
  A neqoxec (Depths:5)
  16 water moccasins
  17 soldier ants (Spider:2)
  25 swamp worms
  31 wolves
  9 insubstantial wisps
  4 mottled dragons
  20 vampire mosquitoes
  13 wargs
  A chaos spawn (Depths:3)
  Duvessa (D:6)
  3 slaves
  8 hell hounds
  33 spiders
  52 orc warriors
  16 porcupines
  2 porcupines (shapeshifter)
  10 ice beasts
  19 wasps
  A wasp (shapeshifter) (Vaults:5)
  A phantom (D:8)
  11 boggarts
  15 black bears
  A black bear (shapeshifter) (Vaults:4)
  An ettin simulacrum (Depths:2)
  3 necrophages
  16 swamp drakes
  44 ogres
  17 centaurs
  7 eyes of draining
  A sky beast (D:6)
  A human skeleton (Vaults:2)
  18 crocodiles
  2 human zombies
  An elf simulacrum (Depths:2)
  A brain worm (D:8)
  19 giant frogs
  4 big kobolds
  A wyvern zombie (D:7)
  Dowan (D:6)
  A wyvern skeleton (D:14)
  3 scorpions
  34 killer bees
  6 quasits
  12 wights
  5 electric eels
  13 crimson imps
  2 centaur zombies
  A human simulacrum (Vaults:1)
  5 iron imps
  6 centaur skeletons
  A giant frog zombie (D:8)
  7 iguanas
  Crazy Yiuf (D:2)
  46 orc priests
  Ijyb (D:3)
  25 hounds
  12 jellies
  35 orc wizards
  A gnoll shaman (D:3)
  2 polar bear simulacra (Lair:8)
  2 wolf simulacra (Lair:8)
  25 worker ants
  10 hell rats (Lair:3)
  20 sheep
  3 yak simulacra (Lair:8)
  Robin (D:4)
  12 gnolls
  3 worker ant zombies
  94 river rats
  13 adders
  10 shadow imps
  3 white imps
  5 ufetubi
  5 adder skeletons
  An adder zombie (D:9)
  3 worms
  2 giant geckos
  184 orcs
  6 giant cockroaches
  33 goblins
  13 hobgoblins
  22 jackals
  10 kobolds
  8 quokkas
  3 ball pythons
  9 bats
  3 giant gecko skeletons
  5 giant newts
  A jackal zombie (D:5)
  21 rats
  4 river rat simulacra (Lair:8)
  4 briar patches
  3 crawling corpses
  2 plants
2765 creatures vanquished.

Vanquished Creatures (collateral kills)
  the Lernaean hydra (Swamp:4)
  2 acid blobs (Slime:6)
  A vault warden (Vaults:1)
  A yaktaur captain (Vaults:1)
  2 great orbs of eyes (Vaults:1)
  2 centaur warriors (Vaults:1)
  5 alligators
  A swamp dragon (Swamp:2)
  A wizard (D:15)
  A black mamba (Lair:6)
  A hornet (Swamp:2)
  A spiny frog (Swamp:1)
  2 vault sentinels (Vaults:1)
  A yaktaur (Vaults:2)
  A two-headed ogre (Vaults:1)
  A blink frog (Lair:6)
  A bog body (Swamp:1)
  A tarantella (Vaults:2)
  A spriggan (Swamp:1)
  A golden eye (Slime:6)
  2 vampire mosquitoes (Vaults:1)
  2 insubstantial wisps
  3 swamp worms
  An ogre (Vaults:4)
  4 centaurs (Vaults:1)
  2 giant frogs
  A human simulacrum (Vaults:1)
  A killer bee (Lair:1)
  A jelly (Slime:6)
  An iguana (Lair:6)
  2 sheep (Lair:6)
  6 river rats (Lair:6)
  An orc (Vaults:2)
  A briar patch (Swamp:1)
  A butterfly (Lair:6)
  A fungus (Lair:6)
  A plant (Lair:6)
59 creatures vanquished.

Vanquished Creatures (others)
  Nikola (Swamp:1)
  A shadow dragon (Vaults:5)
  An ironheart preserver (Vaults:5)
  A merfolk impaler (Swamp:2)
  A red draconian (Zot:1)
  A torturous demonspawn (Vaults:2)
  2 tengu warriors (Depths:2)
  A shadow wraith (Vaults:3)
  A ball lightning (Slime:6)
  An ironbrand convoker (Vaults:4)
  An orb spider (Spider:1)
  A vault sentinel (Vaults:4)
  A rust devil (Depths:2)
  2 yaktaurs
  A merfolk (Lair:6)
  A blink frog (Swamp:4)
  A slime creature (Swamp:4)
  2 shadows (Depths:2)
  A vampire mosquito (Vaults:3)
  A hell hound (Depths:2)
  A soldier ant (Spider:2)
  A tengu (Elf:1)
  An ogre (Depths:2)
  A wight (D:14)
  A jelly (Slime:6)
  An orc (Orc:1)
  A briar patch (Swamp:1)
  2 fire vortices (Depths:2)
  18 fungi
  7 plants
57 creatures vanquished.

Grand Total: 2881 creatures vanquished

Notes
Turn   | Place    | Note
--------------------------------------------------------------
     0 | D:1      | inmateoo the Gargoyle Fighter began the quest for the Orb.
     0 | D:1      | Reached XP level 1. HP: 14/14 MP: 1/1
    97 | D:1      | Reached XP level 2. HP: 17/19 MP: 2/2
   756 | D:1      | Reached XP level 3. HP: 23/23 MP: 3/3
   947 | D:2      | Reached XP level 4. HP: 25/28 MP: 4/4
  1124 | D:2      | Noticed Crazy Yiuf
  1130 | D:2      | Killed Crazy Yiuf
  1130 | D:2      | Reached skill level 4 in Armour
  1453 | D:2      | Found a sparkling altar of Nemelex Xobeh.
  1454 | D:2      | Found an opulent altar of Gozag.
  1499 | D:2      | Reached XP level 5. HP: 30/33 MP: 5/5
  1580 | D:3      | Noticed a hungry ghost
  2279 | D:3      | Reached XP level 6. HP: 38/38 MP: 6/6
  2322 | D:3      | Killed a hungry ghost
  2322 | D:3      | Reached skill level 5 in Maces & Flails
  2542 | D:3      | Reached XP level 7. HP: 42/44 MP: 7/7
  2602 | D:3      | Noticed Ijyb
  2617 | D:3      | Killed Ijyb
  2617 | D:3      | Reached skill level 5 in Fighting
  2816 | D:4      | Reached skill level 5 in Armour
  2937 | D:4      | Found a radiant altar of Vehumet.
  3116 | D:4      | Noticed Grinder
  3139 | D:4      | Killed Grinder
  3139 | D:4      | Reached skill level 6 in Maces & Flails
  3310 | D:4      | Noticed Pikel
  3512 | D:4      | Noticed Sigmund
  3520 | D:5      | Entered Level 5 of the Dungeon
  3562 | D:5      | Reached XP level 8. HP: 49/51 MP: 8/8
  3765 | D:5      | Got a brightly glowing trident
  3766 | D:5      | Identified the cursed +2 trident of World's End {pierce, rPois Str+3} (You found it on level 5 of the Dungeon)
  4109 | D:5      | Reached skill level 7 in Maces & Flails
  4163 | D:5      | Found a snail-covered altar of Cheibriados.
  4474 | D:6      | Found an ancient bone altar of Kikubaaqudgha.
  4476 | D:6      | Found a blossoming altar of Fedhas.
  4583 | D:6      | Reached skill level 8 in Maces & Flails
  4677 | D:6      | Noticed Duvessa
  4678 | D:6      | Noticed Dowan
  4698 | D:6      | Killed Duvessa
  4698 | D:6      | Reached XP level 9. HP: 56/56 MP: 9/9
  4719 | D:6      | Killed Dowan
  4951 | D:4      | Found a shadowy altar of Dithmenos.
  4953 | D:4      | Noticed Robin
  4982 | D:4      | Killed Robin
  5289 | D:4      | Killed Pikel
  5289 | D:4      | Reached skill level 9 in Maces & Flails
  5312 | D:4      | Killed Sigmund
  5682 | D:4      | Found an iron altar of Okawaru.
  5704 | D:4      | Became a worshipper of Warmaster Okawaru
  6113 | D:6      | Gained mutation: You have sharp toenails. [mutagenic meat]
  6114 | D:6      | Gained mutation: You are resistant to hostile enchantments. [mutagenic meat]
  6116 | D:6      | Gained mutation: Scrolls take you a little longer to read. [mutagenic meat]
  6117 | D:6      | Gained mutation: You have a beak for a mouth. [mutagenic meat]
  6568 | D:7      | Reached * piety under Okawaru
  6574 | D:7      | Found a staircase to the Ecumenical Temple.
  6705 | D:7      | Found a basalt altar of Yredelemnul.
  6778 | D:7      | Found a white marble altar of Elyvilon.
  6896 | D:7      | Found a sacrificial altar of Ru.
  6963 | D:8      | Found a sparkling altar of Nemelex Xobeh.
  6972 | D:8      | Reached skill level 10 in Maces & Flails
  6987 | D:8      | Reached XP level 10. HP: 64/64 MP: 10/10
  7103 | D:8      | Found a shattered altar of Ashenzari.
  7934 | D:9      | Found Fenuth's Distillery.
  8181 | D:9      | Bought a potion of heal wounds for 80 gold pieces
  8181 | D:9      | Bought a potion of might for 64 gold pieces
  8181 | D:9      | Bought a potion of might for 64 gold pieces
  8181 | D:9      | Bought a potion of curing for 48 gold pieces
  8181 | D:9      | Bought a potion of curing for 48 gold pieces
  8249 | D:8      | Reached skill level 1 in Invocations
  8627 | D:9      | Noticed a hill giant
  8641 | D:9      | Killed a hill giant
  8641 | D:9      | Reached ** piety under Okawaru
  8726 | D:9      | Reached skill level 11 in Maces & Flails
  8933 | D:9      | Found Daiclito's Magic Scroll Boutique.
  8941 | D:9      | Bought a scroll of identify for 24 gold pieces
  8941 | D:9      | Bought a scroll of enchant armour for 90 gold pieces
  8996 | D:9      | Found Suekij's Antique Armour Shoppe.
  9335 | D:9      | Found a staircase to the Orcish Mines.
  9361 | D:9      | Found Tovysepo's General Store.
  9374 | D:9      | Bought a scroll of identify for 28 gold pieces
  9458 | D:10     | Entered Level 10 of the Dungeon
  9526 | D:10     | Noticed a tengu warrior
  9535 | D:10     | Found a staircase to the Lair.
  9546 | D:9      | Reached *** piety under Okawaru
 10183 | D:10     | Reached XP level 11. HP: 67/71 MP: 14/14
 10671 | D:10     | Killed a tengu warrior
 10671 | D:10     | Reached **** piety under Okawaru
 11387 | D:11     | Identified a scroll of acquirement
 11477 | D:11     | Reached skill level 12 in Maces & Flails
 11536 | D:11     | Reached skill level 5 in Invocations
 11707 | D:11     | Reached skill level 5 in Shields
 12125 | D:12     | Noticed a hill giant
 12133 | D:12     | Killed a hill giant
 12174 | D:12     | Gained mutation: You possess an exceptional clarity of mind. [mutagenic meat]
 12175 | D:12     | Gained mutation: You are robust (+10% HP). [mutagenic meat]
 12176 | D:12     | Gained mutation: Scrolls take you longer to read. [mutagenic meat]
 12314 | D:12     | Got a scorched ring mail
 12450 | D:12     | Reached ***** piety under Okawaru
 12625 | D:12     | Noticed a hill giant
 12635 | D:12     | Killed a hill giant
 12936 | D:12     | Reached skill level 10 in Fighting
 12965 | D:12     | Lost mutation: You are robust (+10% HP). [mutagenic meat]
 12966 | D:12     | Gained mutation: Your skin changes colour to match your surroundings (Stealth). [mutagenic meat]
 12967 | D:12     | Gained mutation: You are highly resistant to hostile enchantments. [mutagenic meat]
 13065 | D:13     | Reached XP level 12. HP: 77/77 MP: 16/16
 13067 | D:13     | Noticed a seven-headed hydra
 13083 | D:13     | Killed a seven-headed hydra
 13118 | D:13     | Noticed a centaur warrior
 13129 | D:13     | Killed a centaur warrior
 13129 | D:13     | Reached skill level 10 in Armour
 13211 | D:13     | Killed an unseen horror
 13211 | D:13     | Received a gift from Okawaru
 13214 | D:13     | Got a bloodstained cloak {god gift}
 13225 | D:13     | Identified the +1 cloak of inmateoo's Purpose {Int-2 Dex+4} (Okawaru gifted it to you on level 13 of the Dungeon)
 13314 | D:13     | Reached skill level 1 in Dodging
 13454 | D:13     | Reached skill level 13 in Maces & Flails
 13538 | D:13     | Found Maakhaqo's Distillery.
 13771 | D:14     | Found a gate to the Vaults.
 13771 | D:14     | Noticed an enchanted long sword
 13771 | D:14     | Noticed an enchanted long sword
 13785 | D:14     | Killed an enchanted long sword
 13796 | D:14     | Killed an enchanted long sword
 13940 | D:14     | Found a portal to a secret trove of treasure.
 14584 | D:14     | Noticed a tengu warrior
 14594 | D:14     | Killed a tengu warrior
 14918 | D:14     | Found a roughly hewn altar of Beogh.
 15129 | D:14     | Reached XP level 13. HP: 68/84 MP: 18/18
 15380 | Orc:1    | Entered Level 1 of the Orcish Mines
 15453 | Orc:1    | Found a frozen archway.
 16341 | Orc:2    | Noticed Josephine
 16573 | Orc:2    | Killed Josephine
 16583 | Orc:2    | Received a gift from Okawaru
 16872 | Orc:4    | Entered Level 4 of the Orcish Mines
 17146 | Orc:4    | Found a staircase to the Elven Halls.
 17167 | Orc:4    | Found a roughly hewn altar of Beogh.
 17225 | Orc:4    | Noticed Maud
 17260 | Orc:4    | Killed Maud
 18013 | Orc:4    | Noticed tp1's ghost (journeyman DECj)
 18039 | Orc:4    | Killed tp1's ghost
 18039 | Orc:4    | Reached skill level 14 in Maces & Flails
 19172 | Orc:3    | Found Fenelav's General Store.
 19188 | Orc:3    | Noticed Snorg
 19210 | Orc:3    | Killed Snorg
 19783 | Orc:4    | Received a gift from Okawaru
 20130 | Orc:4    | Gained mutation: Your large and strong wings let you fly indefinitely. [Gargoyle growth]
 20130 | Orc:4    | Reached XP level 14. HP: 82/90 MP: 20/20
 20210 | Orc:4    | Found Mutism's Antique Armour Boutique.
 20210 | Orc:4    | Found Fuun's Antique Armour Boutique.
 20211 | Orc:4    | Found Umerhyer's Assorted Antiques.
 20211 | Orc:4    | Found Yget's General Store.
 20222 | Orc:4    | Bought a scroll of enchant weapon for 97 gold pieces
 20225 | Orc:4    | Bought a pair of ancient boots for 332 gold pieces
 20235 | Orc:4    | Identified the +0 pair of boots of the Kangaroo {Str+5} (You bought it in a shop on level 4 of the Orcish Mines)
 20240 | Orc:4    | Bought a shimmering cloak for 247 gold pieces
 20250 | Orc:4    | Identified the +1 cloak "Cejaos" {Int+2} (You bought it in a shop on level 4 of the Orcish Mines)
 20271 | Orc:4    | Identified the cursed +1 ring mail of the Bard {rC- MR+ rCorr Dex+8} (You found it on level 12 of the Dungeon)
 20406 | Orc:3    | Bought a +2 plate armour of cold resistance for 520 gold pieces
 20659 | Lair:1   | Entered Level 1 of the Lair of Beasts
 21125 | Lair:1   | Noticed Gastronok
 21144 | Lair:1   | Killed Gastronok
 21144 | Lair:1   | Reached skill level 5 in Dodging
 21759 | Lair:2   | Found an opulent altar of Gozag.
 21984 | Lair:2   | Reached skill level 1 in Evocations
 22247 | Lair:2   | Learned a level 2 spell: Repel Missiles
 22251 | Lair:2   | Learned a level 3 spell: Regeneration
 22254 | Lair:2   | Learned a level 2 spell: Blink
 22261 | Lair:2   | Learned a level 6 spell: Deflect Missiles
 22319 | Lair:3   | Noticed Harold
 22335 | Lair:3   | Killed Harold
 22366 | Lair:3   | Found a dark tunnel.
 22374 | Volcano  | Entered a volcano
 22503 | Volcano  | Found a bloodstained altar of Trog.
 22933 | Volcano  | Reached skill level 15 in Maces & Flails
 23368 | Lair:3   | Received a gift from Okawaru
 23500 | Lair:3   | Found a hole to the Spider Nest.
 24107 | Lair:3   | Found a staircase to the Swamp.
 24505 | Lair:4   | Reached XP level 15. HP: 84/96 MP: 21/21
 24633 | Lair:4   | Reached skill level 10 in Shields
 24693 | Lair:4   | Received a gift from Okawaru
 25375 | Lair:5   | Noticed Rupert
 25389 | Lair:5   | Killed Rupert
 25389 | Lair:5   | Reached skill level 1 in Throwing
 26175 | Lair:6   | Drew Focus: Str increased to 26, Dex decreased to 8
 26184 | Lair:6   | Hired Iwkelud the merfolk for 341 gold.
 26196 | Lair:6   | Reached ****** piety under Okawaru
 26323 | Lair:6   | Found a staircase to the Slime Pits.
 27291 | Lair:6   | Received a gift from Okawaru
 27294 | Lair:6   | Got a steaming trident {god gift}
 27294 | Lair:6   | Your ally Iwkelud died
 28641 | Lair:7   | Lost mutation: Scrolls take you longer to read. [helix card]
 28641 | Lair:7   | Lost mutation: You have sharp toenails. [helix card]
 28747 | Lair:7   | Drew Focus: Str increased to 27, Dex decreased to 7
 28748 | Lair:7   | Lost mutation: You have a beak for a mouth. [helix card]
 28748 | Lair:7   | Gained mutation: You are partially covered in iridescent scales (AC +4). [helix card]
 29389 | Lair:8   | Entered Level 8 of the Lair of Beasts
 29920 | Lair:8   | Received a gift from Okawaru
 29920 | Lair:8   | Reached skill level 16 in Maces & Flails
 29954 | Lair:8   | Reached skill level 5 in Evocations
 30009 | Lair:8   | Got a jewelled hat {god gift}
 30023 | Lair:8   | Identified the +0 hat "Uneheol" {Dex+4} (Okawaru gifted it to you on level 8 of the Lair of Beasts)
 30456 | Lair:8   | Got a bloodstained hat
 30476 | Lair:8   | Identified the +3 hat of the Evil One {+Blink rCorr} (You found it on level 8 of the Lair of Beasts)
 30712 | Lair:8   | Reached XP level 16. HP: 103/103 MP: 22/22
 30807 | Lair:8   | Got a translucent whip
 30810 | Lair:8   | Identified the +9 whip of Stickiness {holy, rN+} (You found it on level 8 of the Lair of Beasts)
 31243 | D:15     | Entered Level 15 of the Dungeon
 31414 | D:15     | Found a staircase to the Depths.
 31918 | D:15     | Found a sparkling altar of Nemelex Xobeh.
 31998 | D:15     | Found a shimmering altar of Xom.
 32298 | D:15     | Gained mutation: Your mind is acute. (Int +2) [mutagenic meat]
 32511 | D:15     | Hired Coxzion the merfolk for 318 gold.
 32512 | D:15     | Lost mutation: Scrolls take you a little longer to read. [helix card]
 32797 | Swamp:1  | Entered Level 1 of the Swamp
 33225 | Swamp:1  | Received a gift from Okawaru
 33243 | Swamp:1  | Noticed Nikola
 33262 | Swamp:1  | Killed Nikola
 33362 | Swamp:1  | Noticed Aizul
 33373 | Swamp:1  | Killed Aizul
 33568 | Swamp:1  | Noticed a thorn hunter
 33586 | Swamp:1  | Killed a thorn hunter
 33758 | Swamp:1  | Noticed Roxanne
 33773 | Swamp:1  | Killed Roxanne
 33779 | Swamp:1  | Identified Roxanne's Catalogue of Transmigration and Clay (You took it off Roxanne on level 1 of the Swamp)
 34098 | Swamp:2  | Noticed a tentacled monstrosity
 34107 | Swamp:2  | Killed a tentacled monstrosity
 34156 | Swamp:2  | Received a gift from Okawaru
 34187 | Swamp:2  | Your ally Coxzion died
 34197 | Swamp:2  | Noticed a thorn hunter
 34212 | Swamp:2  | Killed a thorn hunter
 35171 | Swamp:4  | Entered Level 4 of the Swamp
 35211 | Swamp:4  | Reached skill level 17 in Maces & Flails
 35358 | Swamp:4  | Reached skill level 5 in Throwing
 35372 | Swamp:4  | Reached XP level 17. HP: 94/109 MP: 23/23
 35621 | Swamp:4  | Noticed a thorn hunter
 35638 | Swamp:4  | Killed a thorn hunter
 35771 | Swamp:4  | Received a gift from Okawaru
 35780 | Swamp:4  | Noticed the 27-headed Lernaean hydra
 35798 | Swamp:4  | Killed the 27-headed Lernaean hydra
 35803 | Swamp:4  | Received a gift from Okawaru
 35896 | Swamp:4  | Got a decaying rune of Zot
 36512 | Spider:1 | Entered Level 1 of the Spider Nest
 36888 | Spider:1 | Reached skill level 1 in Spellcasting
 37314 | Spider:1 | Received a gift from Okawaru
 37317 | Spider:1 | Got a fine buckler {god gift}
 37318 | Spider:1 | Identified the +0 buckler "Ittarhil" {rPois} (Okawaru gifted it to you on level 1 of the Spider Nest)
 37873 | Spider:2 | Reached XP level 18. HP: 116/116 MP: 24/24
 38595 | Spider:3 | Noticed Agnes
 38609 | Spider:3 | Noticed Kirke
 38610 | Spider:3 | Noticed Arachne
 38639 | Spider:2 | Reached skill level 18 in Maces & Flails
 38898 | Spider:2 | Killed Arachne
 38996 | Spider:3 | Killed Kirke
 39057 | Spider:3 | Killed Agnes
 39380 | Spider:4 | Entered Level 4 of the Spider Nest
 39531 | Spider:4 | Received a gift from Okawaru
 39875 | Spider:4 | Received a gift from Okawaru
 39878 | Spider:4 | Got a pair of slimy gloves {god gift}
 39958 | Spider:4 | Identified the +0 pair of gloves of Voin {Regen+ Str+6 Int+4 Slay-3} (Okawaru gifted it to you on level 4 of the Spider Nest)
 39984 | Spider:4 | Got a gossamer rune of Zot
 40598 | Spider:4 | Hired Xaistruc the tengu for 115 gold.
 40601 | Spider:4 | Drew Focus: Str increased to 30, Dex decreased to 6
 40602 | Spider:4 | Hired Pequt the torturous demonspawn for 696 gold.
 41004 | D:11     | Drew Focus: Str increased to 31, Dex decreased to 5
 41079 | Vaults:1 | Entered Level 1 of the Vaults
 41206 | D:14     | Reached XP level 19. HP: 121/123 MP: 25/25
 41284 | Vaults:1 | Got a slimy steel ring
 41285 | Vaults:1 | Identified the ring "Ceramyeq" {+Inv rPois rF- rC+} (You found it on level 1 of the Vaults)
 41293 | Vaults:1 | Noticed Jorgrun
 41308 | Vaults:1 | Killed Jorgrun
 41543 | Vaults:1 | Reached skill level 15 in Fighting
 41971 | Vaults:1 | Received a gift from Okawaru
 42119 | Vaults:1 | Reached skill level 5 in Spellcasting
 43136 | Vaults:2 | Noticed Wiglaf
 43168 | Vaults:2 | Your ally Pequt died
 43169 | Vaults:2 | Killed Wiglaf
 43169 | Vaults:2 | Reached skill level 19 in Maces & Flails
 43171 | Vaults:2 | Got an ancient shield
 43183 | Vaults:2 | Identified the +5 shield of Untruth {Dex+5} (You took it off Wiglaf on level 2 of the Vaults)
 43429 | Vaults:2 | Noticed Donald
 43447 | Vaults:2 | Killed Donald
 43502 | Vaults:2 | Reached skill level 1 in Necromancy
 43506 | Vaults:2 | Reached skill level 10 in Dodging
 43514 | Vaults:2 | Received a gift from Okawaru
 43514 | Vaults:2 | Reached skill level 1 in Charms
 44568 | Vaults:3 | Reached skill level 15 in Armour
 44646 | Vaults:3 | Received a gift from Okawaru
 44653 | Vaults:3 | Noticed Xtahua
 44662 | Vaults:3 | Reached XP level 20. HP: 118/130 MP: 22/29
 44670 | Vaults:3 | Killed Xtahua
 44730 | Vaults:3 | Received a gift from Okawaru
 44733 | Vaults:3 | Got a crude ring mail {god gift}
 44734 | Vaults:3 | Identified the +1 ring mail of Indomitability {*Confuse rPois rCorr Int+3} (Okawaru gifted it to you on level 3 of the Vaults)
 44849 | Vaults:3 | Found Exkeufun's Weapon Shop.
 44878 | Vaults:3 | Found Ebluixub's General Store.
 44991 | Vaults:3 | Found Zummum's Antique Weapon Emporium.
 45241 | Vaults:3 | Found Xikhonux's Antique Weapon Boutique.
 45419 | Vaults:3 | Found a staircase to the Crypt.
 45835 | Vaults:3 | Found Ughuhod's Book Shoppe.
 46133 | Vaults:4 | Received a gift from Okawaru
 46262 | Vaults:4 | Found Voicodd's Assorted Antiques.
 46320 | Vaults:4 | Found Exaopp's Magic Scroll Emporium.
 46346 | Vaults:4 | Noticed Boris
 46395 | Vaults:4 | Killed Boris
 46413 | Vaults:4 | Found Otadoc's General Store.
 46990 | Vaults:4 | Found Xuproukk's Food Boutique.
 47036 | Vaults:4 | Noticed Mara
 47039 | Vaults:4 | Killed Mara
 47039 | Vaults:4 | Received a gift from Okawaru
 47084 | Vaults:4 | Reached XP level 21. HP: 136/136 MP: 32/32
 47142 | Vaults:4 | Found Erobuohu's Jewellery Boutique.
 47150 | Vaults:4 | Bought a cursed ring of positive energy for 187 gold pieces
 47150 | Vaults:4 | Bought an uncursed ring of protection from cold for 275 gold pieces
 47549 | Vaults:5 | Entered Level 5 of the Vaults
 47549 | Vaults:5 | Noticed a golden dragon
 47713 | Vaults:4 | Reached skill level 20 in Maces & Flails
 47738 | Vaults:4 | Killed a golden dragon
 47921 | Vaults:4 | Reached skill level 5 in Charms
 48315 | Vaults:5 | Received a gift from Okawaru
 48336 | Vaults:4 | Received a gift from Okawaru
 48674 | Vaults:4 | Received a gift from Okawaru
 48681 | Vaults:4 | Reached skill level 5 in Necromancy
 48884 | Vaults:4 | Received a gift from Okawaru
 49230 | Vaults:4 | Received a gift from Okawaru
 49230 | Vaults:4 | Reached XP level 22. HP: 139/143 MP: 32/34
 49235 | Vaults:4 | Got a spiked scale mail {god gift}
 49236 | Vaults:4 | Identified the +0 scale mail of Autumn {rN+ rCorr Int+2} (Okawaru gifted it to you on level 4 of the Vaults)
 49476 | Vaults:5 | Identified Cyfem's Volume of Harmful Air (You found it on level 5 of the Vaults)
 49487 | Vaults:5 | Learned a level 9 spell: Tornado
 49530 | Vaults:5 | Drew Focus: Str increased to 34, Dex decreased to 4
 49534 | Vaults:5 | Drew Focus: Str increased to 35, Dex decreased to 3
 49577 | Vaults:5 | Identified Sif Muna's Almanac of Flying Calling
 49833 | Vaults:5 | Identified An Introduction to Witchery (You found it on level 5 of the Vaults)
 49854 | Vaults:5 | Got a silver rune of Zot
 49860 | Vaults:5 | Learned a level 2 spell: Shroud of Golubria
 50018 | Vaults:5 | Reached skill level 1 in Air Magic
 50115 | Vaults:5 | Noticed an ancient lich
 50124 | Vaults:5 | Got a twitching jade ring
 50293 | Vaults:5 | Killed an ancient lich
 50304 | Vaults:5 | Identified the ring of Finality {SustAt Int+5} (You took it off a vault sentinel on level 5 of the Vaults)
 50579 | Vaults:5 | Identified the Volume of Unstable Self-Improvement
 50814 | Vaults:5 | Got a slimy jade ring
 50940 | Vaults:5 | Received a gift from Okawaru
 51159 | D:13     | Noticed a centaur warrior
 51159 | D:13     | Identified the ring "Doclur" {+Inv rN+ MP+9 Str-2 SInv} (You took it off a tengu reaver on level 5 of the Vaults)
 51164 | D:13     | Killed a centaur warrior
 51165 | D:13     | Bought a potion of cure mutation for 455 gold pieces
 51295 | Elf:1    | Entered Level 1 of the Elven Halls
 51467 | Elf:1    | Your ally Xaistruc died
 51608 | Elf:1    | Received a gift from Okawaru
 51608 | Elf:1    | Reached skill level 21 in Maces & Flails
 51707 | Elf:1    | Reached skill level 1 in Stealth
 51988 | Elf:1    | Identified Tycaxt's Papyrus of the Entourage
 52490 | Elf:2    | Found Kumuysch's Antique Armour Shop.
 52533 | Elf:2    | Found Vevvapru's Food Emporium.
 52556 | Elf:2    | Found Yluoze's Book Shoppe.
 52591 | Elf:2    | Found a radiant altar of Vehumet.
 52654 | Elf:2    | Noticed Azrael
 52670 | Elf:2    | Killed Azrael
 52693 | Elf:2    | Found a runed gate.
 52693 | Elf:2    | Found a runed gate.
 52694 | Elf:2    | Found a runed gate.
 52833 | Elf:2    | Found Iteome's Assorted Antiques.
 52848 | Elf:2    | Received a gift from Okawaru
 52851 | Elf:2    | Found Fanoqe's Magic Scroll Shoppe.
 53001 | Elf:2    | Reached XP level 23. HP: 77/149 MP: 36/36
 53588 | Elf:3    | Entered Level 3 of the Elven Halls
 53733 | Elf:3    | Found Ruihyl's Food Boutique.
 53951 | Elf:3    | Noticed Asterion
 53961 | Elf:3    | Killed Asterion
 54183 | Elf:3    | Received a gift from Okawaru
 54341 | Elf:3    | Drew Focus: Str increased to 36, Dex decreased to 2
 54349 | Elf:3    | Drew Focus: Str increased to 37, Dex decreased to 1
 54370 | Elf:3    | Reached skill level 10 in Spellcasting
 54439 | Elf:3    | Drew Focus: Str increased to 38, Dex decreased to 0
 54441 | Elf:3    | Lost mutation: You possess an exceptional clarity of mind. [helix card]
 54444 | Elf:3    | Lost mutation: Your mind is acute. (Int +2) [helix card]
 54445 | Elf:3    | Gained mutation: You are partially covered in slimy green scales (AC +2). [helix card]
 54450 | Elf:3    | Lost mutation: You are partially covered in slimy green scales (AC +2). [helix card]
 54498 | Elf:3    | Identified the Collected Works on Darkness and Augmentations
 54502 | Elf:3    | Learned a level 2 spell: Song of Slaying
 54506 | Elf:3    | Learned a level 3 spell: Spectral Weapon
 54610 | Elf:3    | Learned a level 6 spell: Invisibility
 54655 | Elf:3    | Got a shimmering glass ring
 54656 | Elf:3    | Identified the ring "Itixed" {SustAt Int+2} (You took it off a deep elf demonologist on level 3 of the Elven Halls)
 55166 | D:13     | Bought a potion of beneficial mutation for 455 gold pieces
 55166 | D:13     | Gained mutation: You are robust (+10% HP). [potion of beneficial mutation]
 55480 | Slime:1  | Entered Level 1 of the Pits of Slime
 55488 | Slime:1  | Received a gift from Okawaru
 55516 | Slime:1  | Reached skill level 1 in Hexes
 55659 | Slime:3  | Reached skill level 5 in Stealth
 56129 | Slime:5  | Gained mutation: Scrolls take you a little longer to read. [a shining eye]
 56316 | Slime:6  | Entered Level 6 of the Pits of Slime
 56948 | Slime:6  | Received a gift from Okawaru
 57009 | Slime:6  | Noticed the royal jelly
 57028 | Slime:5  | Reached XP level 24. HP: 126/171 MP: 37/37
 57239 | Slime:6  | Received a gift from Okawaru
 57449 | Slime:6  | Found a viscous altar of Jiyva.
 57666 | Slime:6  | Killed the royal jelly
 57804 | Slime:6  | Identified the Compendium of Dislocated Changing
 57833 | Slime:6  | Got a slimy rune of Zot
 57847 | Slime:6  | Learned a level 6 spell: Haste
 58270 | Depths:1 | Entered Level 1 of the Depths
 58378 | Depths:1 | Found a corrupted altar of Lugonu.
 58379 | Depths:1 | Found a one-way gate to the infinite horrors of the Abyss.
 58555 | Depths:1 | Reached skill level 22 in Maces & Flails
 58748 | Depths:1 | Found a one-way gate leading to the halls of Pandemonium.
 58974 | Depths:1 | Found a gateway to Hell.
 59491 | Depths:2 | Found a blossoming altar of Fedhas.
 59585 | Depths:2 | Found a deep blue altar of Sif Muna.
 59620 | Depths:2 | Received a gift from Okawaru
 59638 | Depths:2 | Reached skill level 5 in Hexes
 59705 | Depths:2 | Got a faintly glowing copper amulet
 59708 | Depths:2 | Identified the amulet of the Kraken {Faith +Fly rC- rN+ SInv} (You found it on level 2 of the Depths)
 59756 | Depths:2 | Found a glowing silver altar of Zin.
 59756 | Depths:2 | Found a gateway to a ziggurat.
 59854 | Depths:2 | Received a gift from Okawaru
 59944 | Depths:2 | Reached XP level 25. HP: 61/178 MP: 21/38
 60260 | Depths:2 | Found an iron altar of Okawaru.
 60337 | Depths:2 | Received a gift from Okawaru
 60507 | Depths:2 | Got a steaming cloak
 60510 | Depths:2 | Identified the +0 cloak of a bazaar {-Tele rCorr Str+4 Stlth+} (You found it on level 2 of the Depths)
 60683 | Depths:2 | Got a pair of brightly glowing gloves
 60686 | Depths:2 | Identified the +2 pair of gloves "Xolacaax" {Int+3} (You acquired it on level 2 of the Depths)
 60975 | Depths:3 | Received a gift from Okawaru
 61101 | Depths:3 | Noticed Boris
 61137 | Depths:3 | Killed Boris
 61240 | Depths:3 | Noticed a juggernaut
 62075 | Depths:4 | Killed a juggernaut
 62082 | Depths:4 | Received a gift from Okawaru
 62338 | Depths:4 | Found a stormy altar of Qazlal.
 62348 | Depths:4 | Noticed Boris
 62371 | Depths:4 | Killed Boris
 62371 | Depths:4 | Reached skill level 23 in Maces & Flails
 62479 | Depths:4 | Reached XP level 26. HP: 185/185 MP: 39/39
 62870 | Depths:5 | Entered Level 5 of the Depths
 62965 | Depths:5 | Reached skill level 10 in Evocations
 63091 | Depths:5 | Received a gift from Okawaru
 63169 | Depths:5 | Gained mutation: Scrolls take you longer to read. [a shining eye]
 63456 | Depths:5 | Received a gift from Okawaru
 63581 | Depths:5 | Found a gate to the Realm of Zot.
 64077 | Zot:1    | Entered Level 1 of the Realm of Zot
 64743 | Zot:1    | Received a gift from Okawaru
 64752 | Zot:1    | Got a pair of slimy gloves {god gift}
 64755 | Zot:1    | Identified the +0 pair of gloves of Submission {rN+ Int+3 Dex+2} (Okawaru gifted it to you on level 1 of the Realm of Zot)
 64892 | Zot:1    | Got a smoking lead ring
 65181 | Zot:2    | Reached XP level 27. HP: 193/193 MP: 39/39
 65323 | Zot:2    | Starved to death

Action                   |  1- 3 |  4- 6 |  7- 9 | 10-12 | 13-15 | 16-18 | 19-21 | 22-24 | 25-27 || total
-------------------------+-------+-------+-------+-------+-------+-------+-------+-------+-------++-------
Melee: Flail             |   140 |   292 |   440 |       |       |       |       |       |       ||   872
       Morningstar       |       |       |   145 |   841 |  2627 |    24 |       |       |       ||  3637
       Whip              |       |       |    28 |   234 |       |   262 |       |     8 |       ||   532
       Eveningstar       |       |       |       |       |       |  1613 |  1553 |  1845 |  1428 ||  6439
Throw: Throwing net      |       |       |       |     1 |       |       |       |       |       ||     1
       Javelin           |       |       |       |       |       |    13 |     1 |       |       ||    14
 Cast: Regeneration      |       |       |       |       |       |       |       |    18 |     5 ||    23
       Repel Missiles    |       |       |       |       |       |       |       |    16 |     6 ||    22
       Shroud of Golubri |       |       |       |       |       |       |       |     2 |       ||     2
       Song of Slaying   |       |       |       |       |       |       |       |     2 |     1 ||     3
Invok: Heroism           |       |       |       |     7 |    22 |    15 |    23 |    23 |     9 ||    99
       Finesse           |       |       |       |       |     4 |     2 |     2 |     4 |     2 ||    14
 Abil: Fly               |       |       |       |       |     3 |     3 |       |     1 |       ||     7
       Stop Flying       |       |       |       |       |     3 |     1 |     1 |     1 |       ||     6
       Evoke Invisibilit |       |       |       |       |       |       |       |       |     1 ||     1
Evoke: Deck              |       |       |     3 |     2 |    17 |    22 |     4 |    47 |       ||    95
       Wand              |       |       |       |    12 |    18 |     6 |     7 |     6 |       ||    49
       Phial of floods   |       |       |       |       |       |       |       |     2 |       ||     2
       Lamp of fire      |       |       |       |       |       |       |       |     1 |       ||     1
  Use: Potion            |       |     1 |       |     6 |     5 |     3 |     1 |     5 |       ||    21
       Scroll            |       |     9 |    10 |    14 |     9 |    20 |     9 |    27 |    10 ||   108
 Stab: Invisible         |       |       |       |       |     5 |       |       |       |     6 ||    11
       Confused          |       |       |       |       |       |     4 |     2 |       |       ||     6
       Distracted        |       |       |       |       |       |     2 |     3 |       |       ||     5
       Paralysed         |       |       |       |       |       |     9 |     7 |       |       ||    16
       Petrified         |       |       |       |       |       |     3 |     3 |       |       ||     6
       Petrifying        |       |       |       |       |       |     2 |     7 |       |       ||     9
  Eat: Chunk             |       |     6 |     5 |    21 |    22 |     3 |     1 |       |       ||    58
       Bread ration      |       |     1 |     2 |       |     2 |       |     1 |       |       ||     6
       Fruit             |       |     2 |       |     5 |     3 |     4 |     1 |     6 |     4 ||    25
       Royal jelly       |       |     1 |       |       |     3 |     1 |     4 |     3 |    10 ||    22
       Pizza             |       |       |     1 |     7 |     7 |     1 |       |     1 |       ||    17
       Meat ration       |       |       |     1 |     2 |       |     5 |     4 |     5 |     4 ||    21
       Beef jerky        |       |       |       |       |     5 |     3 |     1 |     1 |     1 ||    11
